[Event "Olimpiade 2024 - Donne"]
[Site "Budapest"]
[Date "22.09.2024"]
[Round "11.45"]
[White "Santiago Sontay, Jenny Fernanda"]
[Black "Junior, Ednasia"]
[Result "1-0"]
[WhiteElo "1773"]
[BlackElo "1888"]
[ECO "B83"]
[Opening "Sicilian"]
[Variation "Scheveningen, 6.Be2"]
[TimeControl "40/5400+30:1800"]
[EventDate "2024.09.11"]
[Board "3"]
[WhiteFideId "7303084"]
[BlackFideId "10105980"]
[WhiteTeam "Guatemala"]
[BlackTeam "Angola"]

1. e4 c5 2. Nf3 e6 3. d4 cxd4 4. Nxd4 Nf6 5. Nc3 d6 6. Be2 Be7 7. O-O O-O
8. Be3 a6 9. a3 Qc7 10. Nb3 Nbd7 11. f4 b5 12. Bf3 Bb7 13. Qe2 Rac8 14. g4
d5 15. e5 Ne4 16. Bxe4 dxe4 17. Rf2 f6 18. Nd4 Nc5 19. exf6 Bxf6 20. Rd1 e5
21. Nf5 exf4 22. Bxf4 Be5 23. Bxe5 Qxe5 24. Qe3 Rcd8 25. Rxd8 Rxd8 26. Qg5
Qc7 27. Nh6+ Kh8 28. Qxd8+ Qxd8 29. Nf7+ Kg8 30. Nxd8 Bc8 31. g5 Bg4 32.
Rf4 Bh3 33. Nxe4 Na4 34. b3 Nb6 35. Nc5 Nd5 36. Rf2 Ne7 37. Nxa6 1-0

[Event "Olimpiade 2024 - Donne"]
[Site "Budapest"]
[Date "22.09.2024"]
[Round "11.45"]
[White "Pires, Luzia"]
[Black "Mazariegos, Silvia Carolina"]
[Result "1/2-1/2"]
[WhiteElo "1877"]
[BlackElo "1878"]
[ECO "A80"]
[Opening "Dutch"]
[TimeControl "40/5400+30:1800"]
[EventDate "2024.09.11"]
[Board "4"]
[WhiteFideId "10101012"]
[BlackFideId "7300115"]
[WhiteTeam "Angola"]
[BlackTeam "Guatemala"]

1. d4 f5 2. Nf3 Nf6 3. e3 e6 4. b3 d5 5. Bb2 Bd6 6. Bd3 Qe7 7. c4 c6 8. a3
O-O 9. O-O Ne4 10. b4 Nd7 11. b5 Ndf6 12. Ne5 dxc4 13. Bxc4 Bxe5 14. dxe5
Ng4 15. g3 cxb5 16. Be2 Nh6 17. Bxb5 Rd8 18. Bd4 Bd7 19. Bxd7 Qxd7 20. Nd2
Nxd2 21. Qxd2 Nf7 22. Qe2 Qd5 23. f4 b6 24. Rfd1 Qb7 25. Qg2 Qxg2+ 26. Kxg2
Rd7 27. Rac1 Nd8 28. Rd2 Kf7 29. Rdc2 Nb7 30. Kf3 Rad8 31. Rc7 Ke8 32. R1c6
Rxc7 33. Rxc7 Rd7 34. Rxd7 Kxd7 35. e4 g6 36. h3 h5 37. g4 hxg4+ 38. hxg4
Nd8 39. exf5 exf5 40. g5 Ke6 41. Ke3 Kd5 42. Kd3 Nc6 43. Bb2 b5 44. Bc3 a6
45. Bb4 Nd8 46. Bd2 Ne6 47. Kc3 a5 48. Kd3 b4 49. axb4 axb4 50. Be3 Nd8 51.
Bc1 Ne6 52. Be3 Nc7 53. Bd2 Kc5 54. Be3+ Kd5 55. Bd2 Ne6 56. Be3 Nc7 57.
Bd2 Kc5 58. Be3+ Kd5 59. Bd2 Na6 60. Be3 Nb8 61. Bd2 Nc6 62. Be1 Kc5 63.
Bf2+ Kd5 64. Be1 1/2-1/2

[Event "Olimpiade 2024 - Donne"]
[Site "Budapest"]
[Date "22.09.2024"]
[Round "11.46"]
[White "Chuemsakul, Sarocha"]
[Black "Cordero, Daniela"]
[Result "1-0"]
[WhiteElo "1906"]
[BlackElo "2017"]
[ECO "A84"]
[Opening "Dutch defence"]
[TimeControl "40/5400+30:1800"]
[EventDate "2024.09.11"]
[Board "1"]
[WhiteFideId "6203710"]
[BlackFideId "3301630"]
[WhiteTeam "Thailand"]
[BlackTeam "Bolivia"]

1. d4 e6 2. c4 f5 3. a3 a5 4. Nc3 Nf6 5. Nf3 d5 6. Bf4 Be7 7. e3 O-O 8. Be2
b6 9. O-O Bb7 10. Rc1 Na6 11. Qa4 c6 12. Ng5 Qd7 13. Qb3 h6 14. Nf3 g5 15.
Ne5 Qd8 16. Bg3 Kg7 17. f3 Nh5 18. Bf2 Bd6 19. Na4 c5 20. Nxb6 Bxe5 21.
Nxa8 Bxh2+ 22. Kxh2 Qxa8 23. Qb6 Qb8+ 24. g3 cxd4 25. exd4 f4 26. g4 Ng3
27. Bxg3 fxg3+ 28. Kg2 dxc4 29. Qxe6 Re8 30. Qd7+ Kf8 31. Bxc4 Re7 32. Qf5+
Kg7 33. Rce1 Qd6 34. Rxe7+ Qxe7 35. Re1 Qc7 36. Re8 Qxc4 37. Re7+ Kg8 38.
Qg6+ 1-0

[Event "Olimpiade 2024 - Donne"]
[Site "Budapest"]
[Date "22.09.2024"]
[Round "11.46"]
[White "Monroy G., Nataly A."]
[Black "Prommuang, Araya"]
[Result "1-0"]
[WhiteElo "1939"]
[BlackElo "1753"]
[ECO "D02"]
[Opening "Queen's pawn game"]
[TimeControl "40/5400+30:1800"]
[EventDate "2024.09.11"]
[Board "2"]
[WhiteFideId "3304019"]
[BlackFideId "6204996"]
[WhiteTeam "Bolivia"]
[BlackTeam "Thailand"]

1. d4 d5 2. Nf3 e6 3. c4 c6 4. cxd5 exd5 5. Bf4 Bd6 6. Bxd6 Qxd6 7. e3 Bf5
8. a3 Nf6 9. Bd3 Bxd3 10. Qxd3 O-O 11. Nc3 Nbd7 12. O-O Qe7 13. Qf5 g6 14.
Qh3 Ne4 15. Nxe4 dxe4 16. Nd2 f5 17. Rac1 c5 18. Nb3 Rac8 19. Qg3 cxd4 20.
Nxd4 Qf6 21. b4 Ne5 22. Ne2 Nd3 23. Rxc8 Rxc8 24. Nf4 Nxf4 25. Qxf4 g5 26.
Qg3 Kf7 27. Rd1 Qd8 28. Rf1 Qf6 29. h3 h6 30. Rd1 Ke7 31. f3 f4 32. exf4
Qxf4 33. Qe1 Rc4 34. Qe2 e3 35. Qd3 Rc6 36. Qd8+ Kf7 37. Rd7+ Kg6 38. Qe8+
Kf5 39. g4+ 1-0

[Event "Olimpiade 2024 - Donne"]
[Site "Budapest"]
[Date "22.09.2024"]
[Round "11.46"]
[White "Mekarapiruk, Nathasha"]
[Black "Gareca Ordonez, Carla Angelica"]
[Result "1-0"]
[WhiteElo "1728"]
[BlackElo "1778"]
[ECO "B53"]
[Opening "Sicilian, Chekhover variation"]
[TimeControl "40/5400+30:1800"]
[EventDate "2024.09.11"]
[Board "3"]
[WhiteFideId "6208487"]
[BlackFideId "3332187"]
[WhiteTeam "Thailand"]
[BlackTeam "Bolivia"]

1. e4 c5 2. Nf3 d6 3. d4 cxd4 4. Qxd4 Nc6 5. Bb5 Bd7 6. Bxc6 bxc6 7. c4 e5
8. Qd3 Be7 9. Nc3 h6 10. O-O Nf6 11. b3 O-O 12. Ba3 Qa5 13. Bb2 Rad8 14.
Rad1 Nh5 15. Ne2 f5 16. Bc3 Qc7 17. Ng3 Nf4 18. Qc2 fxe4 19. Qxe4 Bg4 20.
Rd2 Bxf3 21. gxf3 Nh3+ 22. Kh1 Ng5 23. Qg6 Rf6 24. Qh5 Nxf3 25. Rd3 Rdf8
26. Qg4 Ng5 27. Nh5 Rxf2 28. Rxf2 Rxf2 29. h4 g6 30. hxg5 gxh5 31. Qe6+ Kf8
32. Qxh6+ Ke8 33. Qxh5+ Rf7 34. g6 Rg7 35. Rf3 Bf8 36. Qf5 Be7 37. Qh5 Bf8
38. Qf5 Be7 39. Rh3 Bd8 40. Qe6+ Qe7 41. Rh8+ 1-0

[Event "Olimpiade 2024 - Donne"]
[Site "Budapest"]
[Date "22.09.2024"]
[Round "11.46"]
[White "Molina, Jessica"]
[Black "Tawankanjana, Sasinat"]
[Result "1-0"]
[WhiteElo "1945"]
[BlackElo "1612"]
[ECO "D02"]
[Opening "Queen's bishop game"]
[TimeControl "40/5400+30:1800"]
[EventDate "2024.09.11"]
[Board "4"]
[WhiteFideId "3303888"]
[BlackFideId "6208894"]
[WhiteTeam "Bolivia"]
[BlackTeam "Thailand"]

1. d4 d5 2. Nf3 Nf6 3. Bf4 c5 4. e3 Nc6 5. c3 Qb6 6. Qb3 c4 7. Qc2 Bf5 8.
Qc1 h6 9. Be2 e6 10. Nbd2 Be7 11. Ne5 O-O 12. g4 Bh7 13. h4 Nxe5 14. Bxe5
Nd7 15. Bg3 Bd6 16. f4 f6 17. Bf3 Qc6 18. Qd1 b5 19. Qe2 Bd3 20. Qg2 Qc7
21. Bf2 Rab8 22. g5 Kh7 23. Rg1 Nb6 24. Be2 Bf5 25. Bg4 Bxg4 26. Qxg4 f5
27. Qg2 Rg8 28. Nf3 Nd7 29. g6+ Kh8 30. Ng5 Rgf8 31. Nxe6 Qb7 32. Nxf8 Rxf8
33. a3 a5 34. Qh3 Nb6 35. Kd2 b4 36. axb4 axb4 37. Kc2 bxc3 38. bxc3 Nc8
39. Rgb1 Qe7 40. Qf3 Qe6 41. h5 Ne7 42. Rb6 Qd7 43. Bh4 Nc8 44. Rb2 Qc6 45.
Rba2 Bc7 46. Qd1 Qe6 47. Qf3 Nb6 48. Rb2 Qd7 49. Kd2 Re8 50. Bf2 Qc6 51.
Qd1 Nd7 52. Bh4 Qe6 53. Qf3 Nb6 54. Rb5 Qc6 55. Rab1 Ra8 56. Qd1 Ra2+ 57.
R5b2 Ra8 58. Rb5 Na4 59. Qxa4 1-0

[Event "Olimpiade 2024 - Donne"]
[Site "Budapest"]
[Date "22.09.2024"]
[Round "11.47"]
[White "Miladi, Amen"]
[Black "Antonova, Nadezhda"]
[Result "0-1"]
[WhiteElo "1851"]
[BlackElo "1967"]
[ECO "B15"]
[Opening "Caro-Kann"]
[Variation "Tartakower (Nimzovich) variation"]
[TimeControl "40/5400+30:1800"]
[EventDate "2024.09.11"]
[Board "1"]
[WhiteFideId "5503779"]
[BlackFideId "14700182"]
[WhiteTeam "Tunisia"]
[BlackTeam "Tajikistan"]

1. e4 c6 2. d4 d5 3. Nc3 dxe4 4. Nxe4 Nf6 5. Nxf6+ exf6 6. Bf4 Bd6 7. Bxd6
Qxd6 8. Nf3 Qb4+ 9. Nd2 Qxd4 10. c3 Qe5+ 11. Be2 O-O 12. Nf3 Qc7 13. O-O
Bf5 14. Qb3 Nd7 15. Rad1 Nc5 16. Qc4 b6 17. b4 Be6 18. Qd4 Rad8 19. Qe3 Nd7
20. Nd4 Rfe8 21. Qg3 Qc8 22. f4 Nf8 23. a4 c5 24. Nb5 cxb4 25. cxb4 Qc2 26.
Bf3 Rxd1 27. Bxd1 Qd2 28. Qe1 Qd7 29. Qc3 a6 30. Nd4 Rc8 31. Qb2 Bc4 32.
Re1 Rd8 33. Nf3 Bd5 34. Qf2 Qd6 35. Qd2 Bxf3 36. Qxd6 Rxd6 37. Bxf3 Rd4 38.
Re4 Ne6 39. f5 Rxe4 40. Bxe4 Nc7 41. Kf2 Kf8 42. Ke3 Ke7 43. Kd4 Kd6 44.
Bd3 Nd5 45. Bxa6 Nxb4 46. Bc4 Nc6+ 47. Ke4 Ne5 48. Bb5 Kc5 49. h3 Nc4 50.
Kf4 Nd6 51. Bd7 Kd4 52. Bc6 Kc5 53. Bd7 Kb4 54. Bc6 Nc4 55. Be8 Nb2 56. Kg4
Nxa4 57. Bxf7 Nc5 58. Bg8 Nd3 59. Bxh7 Kc3 60. Kh5 Ne5 61. g4 b5 62. g5 b4
63. Bg8 Nc4 64. Kg6 b3 65. Bxc4 Kxc4 66. Kxg7 b2 67. Kxf6 b1=Q 68. g6 Qb2+
69. Kf7 Qb7+ 70. Kf6 Qb6+ 71. Kg5 Qe3+ 72. Kf6 Qd4+ 73. Kf7 Qd7+ 74. Kf6
Qd8+ 75. Kf7 Qd5+ 76. Kf6 Kd4 77. g7 Ke4 78. h4 Qxf5+ 79. Ke7 Qg6 80. Kf8
Qf6+ 81. Kg8 Qxh4 82. Kf7 Qh5+ 83. Kf8 Qf5+ 84. Ke7 Qg6 85. Kf8 Qf6+ 86.
Kg8 Kf5 87. Kh7 Qg6+ 88. Kh8 Qh6+ 0-1

[Event "Olimpiade 2024 - Donne"]
[Site "Budapest"]
[Date "22.09.2024"]
[Round "11.47"]
[White "Saidova, Rukhshona"]
[Black "Mefteh, Meyssem"]
[Result "0-1"]
[WhiteElo "1873"]
[BlackElo "1834"]
[ECO "B47"]
[Opening "Sicilian"]
[Variation "Taimanov (Bastrikov) variation"]
[TimeControl "40/5400+30:1800"]
[EventDate "2024.09.11"]
[Board "2"]
[WhiteFideId "14701227"]
[BlackFideId "5517737"]
[WhiteTeam "Tajikistan"]
[BlackTeam "Tunisia"]

1. e4 c5 2. Nf3 Nc6 3. d4 cxd4 4. Nxd4 e6 5. Nc3 Qc7 6. g3 a6 7. Bg2 b5 8.
a3 Bb7 9. O-O Rc8 10. Nde2 Ne5 11. h3 Nf6 12. Kh1 Bc5 13. b3 Nc6 14. f4 Nd4
15. Qd3 Bb6 16. Ra2 Nxe2 17. Nxe2 Qc6 18. Be3 Bxe3 19. Qxe3 Nxe4 20. f5 d5
21. fxe6 Qxe6 22. Nf4 Qh6 23. Rd1 O-O 24. Kh2 Nc3 25. Raa1 Nxd1 26. Rxd1
Rxc2 27. Qe7 Ba8 28. Rd4 Qb6 29. Qe5 Qc7 30. Qg5 Qd8 31. Qg4 Qf6 32. Nh5
Qg6 33. Qf3 f5 34. a4 Qe8 35. Nf4 Bc6 36. Qd3 Rc5 37. Bf3 bxa4 38. bxa4 Ra5
39. Qd2 Rxa4 40. Rxa4 Bxa4 41. Bxd5+ Kh8 42. Qb4 Rf6 43. Ne6 Bc6 44. Bc4
Rxe6 45. Bxe6 Qxe6 46. Qd2 Bb5 47. Kg1 Qd7 48. Qc2 Qe6 49. Qd2 Qc8 50. Kh2
Bc4 51. Qc3 Be6 52. Qe3 Bg8 53. Qd3 Qe6 0-1

[Event "Olimpiade 2024 - Donne"]
[Site "Budapest"]
[Date "22.09.2024"]
[Round "11.47"]
[White "Ben Amor, Meriem"]
[Black "Tolibova, Dilola"]
[Result "0-1"]
[WhiteElo "1733"]
[BlackElo "1831"]
[ECO "C44"]
[Opening "Scotch gambit"]
[TimeControl "40/5400+30:1800"]
[EventDate "2024.09.11"]
[Board "3"]
[WhiteFideId "5508509"]
[BlackFideId "14704374"]
[WhiteTeam "Tunisia"]
[BlackTeam "Tajikistan"]

1. e4 e5 2. Nf3 Nc6 3. d4 exd4 4. Bc4 Bb4+ 5. c3 dxc3 6. bxc3 Ba5 7. O-O d6
8. Re1 Nge7 9. Ba3 Bg4 10. Qb3 f6 11. Bf7+ Kf8 12. Nbd2 Bxc3 13. Qxc3 Kxf7
14. Qb3+ Be6 15. Qxb7 Rb8 16. Qa6 Rb6 17. Qe2 Ne5 18. Nxe5+ dxe5 19. Red1
Qc8 20. Qe3 Nc6 21. Bc5 Rb2 22. a3 a5 23. Qc3 Qb7 24. Rac1 Rd8 25. Be3 Nd4
26. Qxc7+ Qxc7 27. Rxc7+ Kg6 28. Kf1 Nc2 29. Ba7 Nxa3 30. Ke1 Nc2+ 31. Kf1
a4 32. Ke2 a3 33. Rc6 Bf7 34. g4 a2 35. h4 h6 36. g5 a1=Q 37. Rxa1 Nxa1 38.
Be3 Nb3 39. Rb6 Rdxd2+ 40. Bxd2 Rxd2+ 41. Ke1 Ra2 42. gxh6 Kxh6 43. Rb7 Bc4
44. Rb4 Ra1# 0-1

[Event "Olimpiade 2024 - Donne"]
[Site "Budapest"]
[Date "22.09.2024"]
[Round "11.47"]
[White "Mashabova, Shukrona"]
[Black "Hasnaoui, Abrar"]
[Result "1-0"]
[WhiteElo "1711"]
[BlackElo "1595"]
[ECO "B74"]
[Opening "Sicilian"]
[Variation "dragon, classical, 9.Nb3"]
[TimeControl "40/5400+30:1800"]
[EventDate "2024.09.11"]
[Board "4"]
[WhiteFideId "14702037"]
[BlackFideId "5517362"]
[WhiteTeam "Tajikistan"]
[BlackTeam "Tunisia"]

1. e4 c5 2. Nf3 Nc6 3. d4 cxd4 4. Nxd4 g6 5. Be3 Bg7 6. Nc3 d6 7. Be2 Nf6
8. O-O O-O 9. Nb3 e6 10. Qd2 d5 11. exd5 Nxd5 12. Nxd5 Qxd5 13. Qxd5 exd5
14. c3 Ne5 15. Rad1 Nc4 16. Bc1 Be6 17. Nd4 Rac8 18. Rfe1 Bxd4 19. Rxd4 Kg7
20. h4 h5 21. Bf3 Rfd8 22. Red1 Nb6 23. Bf4 Rc4 24. Rxc4 Nxc4 25. b3 Nb6
26. c4 Rd7 27. c5 Nc8 28. g3 Ne7 29. a3 Bg4 30. Bxg4 hxg4 31. b4 d4 32.
Be5+ f6 33. Rxd4 Rxd4 34. Bxd4 Kf7 35. Kf1 Ke6 36. Ke2 f5 37. Kd3 Kd5 38.
a4 Nc6 39. Bc3 Ne7 40. Bb2 a6 41. b5 axb5 42. axb5 Nc8 43. Bd4 Ne7 44. Be3
Nc8 45. Kc3 Ne7 46. Kb4 Nc8 47. Ka5 Kc4 48. c6 bxc6 49. b6 Nd6 50. Ka6 Kd5
51. b7 Nxb7 52. Kxb7 c5 53. Kb6 c4 54. Kb5 c3 55. Kb4 c2 56. Kb3 c1=Q 57.
Bxc1 Ke4 58. Kc3 Kf3 59. Be3 f4 60. Bxf4 Kxf2 61. Kd4 Kf3 62. Ke5 Kg2 63.
Kf6 Kf3 64. Kxg6 Ke4 65. h5 1-0

[Event "Olimpiade 2024 - Donne"]
[Site "Budapest"]
[Date "22.09.2024"]
[Round "11.48"]
[White "Castillo Pena, Patricia Evarista"]
[Black "Chen, Chi"]
[Result "1-0"]
[WhiteElo "1928"]
[BlackElo "1746"]
[ECO "D04"]
[Opening "Queen's pawn game"]
[TimeControl "5400/40+30:1800"]
[EventDate "2024.09.11"]
[Board "1"]
[WhiteFideId "6412106"]
[BlackFideId "16301633"]
[WhiteTeam "Dominican Republic"]
[BlackTeam "Chinese Taipei"]

1. d4 Nf6 2. Nf3 d5 3. e3 c5 4. Bd3 Nc6 5. Nbd2 Bg4 6. c3 e6 7. Qa4 Nd7 8.
Bb5 Bxf3 9. Nxf3 Qc7 10. O-O Bd6 11. Re1 O-O 12. Bd2 a6 13. Bxc6 bxc6 14.
Rac1 f5 15. Qc2 Nf6 16. c4 Ne4 17. dxc5 Nxd2 18. Qxd2 Bxc5 19. cxd5 Qe7 20.
Qc2 Bb4 21. d6 Bxd6 22. Qxc6 Ra7 23. Red1 Bb8 24. Nd4 Kf7 25. Qc4 Qd6 26.
g3 Rc7 27. Qb3 Rxc1 28. Rxc1 Qd5 29. Qxd5 exd5 30. Nxf5 Be5 31. b3 Ra8 32.
Rc5 Ke6 33. Nd4+ Bxd4 34. exd4 Kd6 35. b4 Rb8 36. a3 h6 37. Ra5 Rb6 38. Rc5
Rb8 39. h4 g6 40. Kg2 Rb6 41. Kh3 h5 42. g4 Ke6 43. Kg3 Rd6 44. f3 Kf6 45.
Kf4 hxg4 46. fxg4 Ke6 47. Kg5 Kd7 48. a4 Kd8 49. b5 axb5 50. axb5 Ke7 51.
Rc6 Rd7 52. b6 Kd8 53. Kxg6 Rb7 54. h5 Re7 55. h6 Re4 56. g5 Kd7 57. Rf6
Re8 58. Kg7 Re4 59. h7 Rg4 60. g6 1-0

[Event "Olimpiade 2024 - Donne"]
[Site "Budapest"]
[Date "22.09.2024"]
[Round "11.48"]
[White "Shih, Ching-An"]
[Black "Diaz Cesar, Wilsaida Pieranlly"]
[Result "1/2-1/2"]
[WhiteElo "1735"]
[BlackElo "1900"]
[ECO "A03"]
[Opening "Bird's opening"]
[Variation "Lasker variation"]
[TimeControl "5400/40+30:1800"]
[EventDate "2024.09.11"]
[Board "2"]
[WhiteFideId "16300653"]
[BlackFideId "6403557"]
[WhiteTeam "Chinese Taipei"]
[BlackTeam "Dominican Republic"]

1. f4 d5 2. Nf3 c5 3. e3 Nf6 4. b3 g6 5. Bb2 Bg7 6. Be2 O-O 7. O-O Nc6 8.
Ne5 Qc7 9. Nxc6 Qxc6 10. Bf3 Qd7 11. Qe1 b5 12. d3 Bb7 13. Nd2 Rac8 14. a4
b4 15. Be5 Rfd8 16. Rd1 Bf8 17. Qh4 Bg7 18. g4 Ba8 19. g5 Ne8 20. Bg4 e6
21. Bxg7 Nxg7 22. Nf3 Qe7 23. Ne5 h5 24. Bh3 Nf5 25. Qf2 d4 26. Bxf5 dxe3
27. Qxe3 exf5 28. Rde1 Qb7 29. Qf3 Qc7 30. Qf2 Re8 31. h4 Qd6 32. Nc4 Qd5
33. Kh2 Rcd8 34. Re5 Rxe5 35. Nxe5 Kg7 36. Nc4 Re8 37. Ne5 Rd8 38. Nc4
1/2-1/2

[Event "Olimpiade 2024 - Donne"]
[Site "Budapest"]
[Date "22.09.2024"]
[Round "11.48"]
[White "Almanzar Vasquez, Jeniffer Maria"]
[Black "Chen, I-Chen"]
[Result "1-0"]
[WhiteElo "1876"]
[BlackElo "1771"]
[ECO "E17"]
[Opening "Queen's Indian"]
[Variation "old main line, 6.O-O"]
[TimeControl "5400/40+30:1800"]
[EventDate "2024.09.11"]
[Board "3"]
[WhiteFideId "6406505"]
[BlackFideId "16300181"]
[WhiteTeam "Dominican Republic"]
[BlackTeam "Chinese Taipei"]

1. Nf3 Nf6 2. d4 e6 3. g3 b6 4. Bg2 Bb7 5. O-O Be7 6. c4 d5 7. Nbd2 O-O 8.
Qc2 Nbd7 9. b3 Rc8 10. Bb2 c5 11. dxc5 dxc4 12. bxc4 Nxc5 13. Rfd1 Qe8 14.
Ng5 g6 15. Bxb7 Nxb7 16. Nde4 Nd5 17. Qd3 Bxg5 18. cxd5 Nc5 19. Qc3 f6 20.
Nd6 Na4 21. Qa3 Qd8 22. Nxc8 Nxb2 23. Ne7+ Kg7 24. Nc6 Qc7 25. Qxb2 exd5
26. Nb4 Kh8 27. Nxd5 Qf7 28. f4 Bh6 29. Rac1 Bg7 30. Rc7 Qg8 31. Qb3 Qe6
32. Ne3 Qe4 33. Rdd7 Rg8 34. Rxg7 1-0

[Event "Olimpiade 2024 - Donne"]
[Site "Budapest"]
[Date "22.09.2024"]
[Round "11.48"]
[White "Tsai, Sophie Yi-Hsuan"]
[Black "Ramirez Luzon, Franchesca"]
[Result "1-0"]
[WhiteElo "1668"]
[BlackElo "1820"]
[ECO "B72"]
[Opening "Sicilian"]
[Variation "dragon, classical attack"]
[TimeControl "5400/40+30:1800"]
[EventDate "2024.09.11"]
[Board "4"]
[WhiteFideId "16302087"]
[BlackFideId "6421792"]
[WhiteTeam "Chinese Taipei"]
[BlackTeam "Dominican Republic"]

1. e4 c5 2. Nf3 g6 3. d4 cxd4 4. Nxd4 Nf6 5. Nc3 d6 6. Be2 Bg7 7. Be3 a6 8.
f3 b5 9. a3 Bb7 10. Qd2 Nbd7 11. g4 Nb6 12. Bh6 O-O 13. Rg1 e5 14. Nf5 gxf5
15. gxf5 Ne8 16. O-O-O Kh8 17. Bxg7+ Nxg7 18. Qh6 Rg8 19. Rg3 Nxf5 20. exf5
Rxg3 21. hxg3 f6 22. Ne4 Nd5 23. Rh1 Qe7 24. Nxd6 Bc6 25. Qg6 Rf8 26. Ne4
Rg8 27. Qh6 Qg7 28. Qh2 Qa7 29. Qh6 Qg7 30. Qh2 Rf8 31. Kb1 Ne3 32. Nc5 Rc8
33. Ne6 Qe7 34. Bd3 Bxf3 35. Re1 Ng2 36. Rc1 e4 37. Be2 Ne3 38. Bxf3 exf3
39. Nf4 Qc7 40. Ne6 Qd7 41. Qh6 Ng4 42. Qf4 Ne5 43. Qh4 Qf7 44. g4 Rc4 45.
Rd1 Rxg4 46. Rd8+ Rg8 47. Rxg8+ Kxg8 48. Qd4 Qd7 49. Qc5 h5 50. Qf8+ Kh7
51. Qxf6 Ng4 52. Qg6+ Kh8 53. Qxh5+ Qh7 54. Qxg4 Qh1+ 55. Ka2 Qg2 56. Qh5+
Kg8 57. Ng5 Kg7 58. Qg6+ 1-0

[Event "Olimpiade 2024 - Donne"]
[Site "Budapest"]
[Date "22.09.2024"]
[Round "11.49"]
[White "Castillo Beitia, Ashley Alexandra"]
[Black "Sokolova, Larisa"]
[Result "1-0"]
[WhiteElo "2071"]
[BlackElo "1705"]
[ECO "D00"]
[Opening "Queen's pawn, Mason variation"]
[TimeControl "5400/40+30:1800"]
[EventDate "2024.09.11"]
[Board "1"]
[WhiteFideId "6606687"]
[BlackFideId "5904919"]
[WhiteTeam "Panama"]
[BlackTeam "Cyprus"]

1. d4 d5 2. Bf4 Nf6 3. e3 c5 4. c3 cxd4 5. exd4 Bf5 6. Qb3 Qc8 7. Be2 e6 8.
Nf3 Be7 9. Nbd2 O-O 10. O-O Ne4 11. Rfe1 Nxd2 12. Nxd2 Nc6 13. Rac1 Qd7 14.
Nf3 Rfc8 15. Qd1 Bd6 16. Bg3 Bxg3 17. hxg3 a6 18. Bd3 Bxd3 19. Qxd3 h6 20.
g4 Qd8 21. g3 b5 22. Kg2 g6 23. Rh1 Kg7 24. Rh2 Qf6 25. Rch1 Rh8 26. Rxh6
Rxh6 27. Rxh6 Rh8 28. Rxh8 Kxh8 29. a4 Na7 30. Ne5 Kg7 31. Nd7 Qe7 32. Nc5
e5 33. Qe3 e4 34. Nxa6 bxa4 35. Nb4 Qe6 36. Qg5 Nb5 37. Qxd5 Qxd5 38. Nxd5
a3 39. bxa3 Nxa3 40. Kf1 Nc4 41. Ke2 f5 42. Ne3 Nd6 43. gxf5 gxf5 44. g4
fxg4 45. Nxg4 Kf7 46. Ke3 Ke6 47. Kf4 Nb5 48. Kxe4 Nxc3+ 49. Kd3 Nd5 50.
Ne3 Nf6 51. Kc4 Kd6 52. f3 Nd7 53. f4 Ke6 54. d5+ Kd6 55. Nf5+ Kc7 56. Kd4
Nb6 57. Ke5 Kd7 58. Ne3 Ke7 59. d6+ Kf7 60. Kf5 Nd7 61. Nc4 Nc5 62. Ne5+
Ke8 63. Kg6 Ne4 64. d7+ Kd8 65. f5 Ke7 66. Kg7 Nc5 67. f6+ Kd8 68. Kf7 Ne4
69. Ke6 Nc5+ 70. Kd6 Ne4+ 71. Kc6 Nxf6 72. Nf7+ 1-0

[Event "Olimpiade 2024 - Donne"]
[Site "Budapest"]
[Date "22.09.2024"]
[Round "11.49"]
[White "Paunescu, Aida"]
[Black "Chung Hurtado, Yaleika"]
[Result "0-1"]
[WhiteElo "1603"]
[BlackElo "1832"]
[ECO "B13"]
[Opening "Caro-Kann"]
[Variation "exchange, Rubinstein variation"]
[TimeControl "5400/40+30:1800"]
[EventDate "2024.09.11"]
[Board "2"]
[WhiteFideId "5908647"]
[BlackFideId "6600603"]
[WhiteTeam "Cyprus"]
[BlackTeam "Panama"]

1. e4 c6 2. d4 d5 3. exd5 cxd5 4. Bd3 Nc6 5. c3 Nf6 6. Bf4 Bg4 7. Qb3 Qd7
8. Nd2 a6 9. Ngf3 e6 10. O-O Be7 11. Rae1 O-O 12. Ne5 Nxe5 13. Bxe5 Bh5 14.
f4 Bg6 15. Qc2 Bxd3 16. Qxd3 Ne4 17. Bxg7 Kxg7 18. Nxe4 dxe4 19. Qxe4 Bf6
20. Re3 Qd5 21. Rg3+ Kh8 22. Qc2 Qf5 23. Qxf5 exf5 24. Re3 Rac8 25. Rd1
Rfd8 26. Kf2 Rc6 27. d5 Rc4 28. Kf3 Kg7 29. Rdd3 b5 30. Re2 Rc5 31. Red2
Rd6 32. a3 Kf8 33. g3 Ke8 34. Ke2 a5 35. Kd1 Kd7 36. Kc2 b4 37. axb4 axb4
38. Kb3 bxc3 39. bxc3 Rb6+ 40. Kc2 Kd6 41. Rd1 Rb7 42. R1d2 Rbc7 43. Kb3
Rxc3+ 44. Rxc3 Rxc3+ 45. Kb4 Rc5 46. Kb3 Rxd5 47. Re2 Kd7 48. Kc4 Rd1 49.
Kc5 Be7+ 50. Kc4 Bd6 51. Kc3 Bc7 52. Kc4 Rd6 53. Kc5 Bb6+ 54. Kc4 f6 55.
Kb5 Bd8 56. Kc5 Be7 57. Kc4 Rd1 58. Kc3 Ke8 59. Kc2 Rd5 60. Kc3 Kf7 61. Kc4
Rd1 62. Kc3 h5 63. h4 Rf1 64. Re3 Rf2 65. Kc4 Ra2 66. Kd5 Ra3 67. Rxa3 Bxa3
68. Kc4 Ke6 69. Kd4 Bb4 70. Ke3 Kd5 71. Kf3 Kd4 72. Ke2 Ke4 73. Kf2 Bc5+
74. Kg2 Ke3 75. Kg1 Kf3+ 76. Kh2 Bf2 77. Kh3 Be1 0-1

[Event "Olimpiade 2024 - Donne"]
[Site "Budapest"]
[Date "22.09.2024"]
[Round "11.49"]
[White "Vasquez Jaen, Lourdes Lorena"]
[Black "Pica, Eleni"]
[Result "1-0"]
[WhiteElo "1821"]
[BlackElo "1609"]
[ECO "B27"]
[Opening "Sicilian"]
[Variation "Hungarian variation"]
[TimeControl "5400/40+30:1800"]
[EventDate "2024.09.11"]
[Board "3"]
[WhiteFideId "6605559"]
[BlackFideId "5910005"]
[WhiteTeam "Panama"]
[BlackTeam "Cyprus"]

1. e4 c5 2. Nf3 g6 3. d4 cxd4 4. Qxd4 Nf6 5. e5 Nc6 6. Qa4 Nd5 7. Qe4 Nb6
8. Nc3 d5 9. exd6 Bf5 10. Qh4 Qxd6 11. Bf4 Qe6+ 12. Be2 Bg7 13. Nb5 O-O-O
14. Be3 Bxc2 15. Rc1 Bd3 16. Qg3 Bxb5 17. Bxb5 Qd6 18. Qh3+ e6 19. O-O Kb8
20. Bxc6 bxc6 21. Ng5 Qe7 22. Qf3 f6 23. Rxc6 fxg5 24. Bxb6 Qb7 25. Bxd8
Rxd8 26. Rfc1 Be5 27. Rxe6 Qxf3 28. gxf3 Bf4 29. Rc2 Rd1+ 30. Kg2 Rd7 31.
Rce2 Bd6 32. Rd2 Kc7 33. Rd5 Bf4 34. Rxd7+ Kxd7 35. Rf6 Ke7 36. Ra6 Bb8 37.
Ra5 Kf6 38. Rb5 Be5 39. Rb7 a5 40. b4 axb4 41. Rxb4 Bd6 42. Rb6 Ke5 43. a4
Bc7 44. Rb7 Kd6 45. h3 h5 46. Kf1 Kc6 47. Rb5 Bd8 48. Ke2 g4 49. fxg4 hxg4
50. hxg4 Bh4 51. g5 Kc7 52. a5 Kc6 53. Rb6+ Kc7 54. Rxg6 Kb7 55. f4 Bg3 56.
f5 1-0

[Event "Olimpiade 2024 - Donne"]
[Site "Budapest"]
[Date "22.09.2024"]
[Round "11.49"]
[White "Sokolova, Victoria"]
[Black "Carrillo Marval, Maria Angelica"]
[Result "1/2-1/2"]
[WhiteElo "1682"]
[BlackElo "1795"]
[ECO "B51"]
[Opening "Sicilian"]
[Variation "Canal-Sokolsky (Nimzovich-Rossolimo, Moscow) attack"]
[TimeControl "5400/40+30:1800"]
[EventDate "2024.09.11"]
[Board "4"]
[WhiteFideId "5905460"]
[BlackFideId "3911853"]
[WhiteTeam "Cyprus"]
[BlackTeam "Panama"]

1. e4 c5 2. Nf3 d6 3. Bb5+ Nd7 4. O-O a6 5. Bxd7+ Bxd7 6. c4 Nf6 7. Re1 h6
8. Nc3 e6 9. d4 cxd4 10. Nxd4 Qc7 11. Qe2 e5 12. Nb3 Be7 13. f3 O-O 14. Be3
Rac8 15. Nd5 Nxd5 16. cxd5 Qc2 17. Qd2 Qxd2 18. Bxd2 f5 19. Rac1 Rxc1 20.
Rxc1 Rc8 21. Rxc8+ Bxc8 22. Na5 fxe4 23. fxe4 b5 24. Nc6 Kf7 25. Nxe7 Kxe7
26. Kf2 Kf6 27. Bb4 Ke7 28. Kf3 g6 29. h3 Bd7 30. Bd2 g5 1/2-1/2